 Dungeon Crawl Stone Soup version 0.32-a0-871-ge202e49faa (webtiles) character file.

Game seed: 8599700175728206178

13473 pokeman the Eclecticist (level 11, -19/61 HPs)
             Began as a Deep Elf Hedge Wizard on Mar 29, 2024.
             Was a Priest of Vehumet.
             Killed from afar by a gargoyle (21 damage)
             ... with a stone arrow
             ... on level 12 of the Dungeon on Mar 30, 2024.
             The game lasted 00:37:41 (15804 turns).

pokeman the Eclecticist (Deep Elf Hedge Wizard)    Turns: 15804, Time: 00:37:41

Health: -19/61     AC:  3    Str:  7    XL:     11   Next: 76%
Magic:  34/42      EV: 11    Int: 24    God:    Vehumet [***...]
Gold:   565        SH:  5    Dex: 10    Spells: 31/42 levels left

rFire   . . .        y - +9 dagger of Yeast {flame, rPois Will+++ Dex-4}
rCold   . . .        (no shield)
rNeg    . . .        b - +0 robe
rPois   +            c - +0 hat
rElec   .            (no cloak)
rCorr   .            (no gloves)
SInv    .            H - +0 pair of boots
Will    ++++.        x - amulet of reflection
Stlth   ++           o - ring of magical power
HPRegen 0.30/turn    (no ring)
MPRegen 0.28/turn

%: reflection
@: on blink cooldown
A: no striking features
a: Renounce Religion


You were on level 12 of the Dungeon.
You worshipped Vehumet.
Vehumet was most pleased with you.
You visited 1 branch of the dungeon, and saw 12 of its levels.
You also visited: Sewer.

You collected 595 gold pieces.
You spent 30 gold pieces at shops.

Inventory:

Hand Weapons
 y - the +9 dagger of Yeast (weapon) {flame, rPois Will+++ Dex-4}
   (You found it on level 4 of the Dungeon)

   Dex-4:     It affects your dexterity (-4).
   rPois:     It protects you from poison.
   Will+++:   It greatly increases your willpower.
 O - a +2 dire flail of venom
Missiles
 s - 7 curare-tipped darts
 N - 2 throwing nets
Armour
 b - a +0 robe (worn)
 c - a +0 hat (worn)
 r - a +1 ring mail of fire resistance
 H - a +0 pair of boots (worn)
Magical Staves
 B - a staff of conjuration
Jewellery
 l - an amulet of the acrobat
 o - a ring of magical power (left hand)
 x - an amulet of reflection (around neck)
Wands
 C - a wand of iceblast (1)
 G - a wand of flame (15)
Scrolls
 h - 2 scrolls of amnesia {unknown}
 i - a scroll of immolation {unknown}
 j - 11 scrolls of identify
 m - 4 scrolls of fog {unknown}
 n - 5 scrolls of fear {unknown}
 t - 2 scrolls of enchant weapon {unknown}
 u - 3 scrolls of summoning {unknown}
 v - 2 scrolls of enchant armour {unknown}
 w - 2 scrolls of torment {unknown}
 z - a scroll of acquirement {unknown}
 A - a scroll of noise {unknown}
 D - a scroll of silence {unknown}
 E - 3 scrolls of revelation {unknown}
 I - 3 scrolls of teleportation {unknown}
 J - a scroll of poison {unknown}
 Q - a scroll of blinking {unknown}
Potions
 a - a potion of mutation {unknown}
 d - 5 potions of magic
 e - 4 potions of might {unknown}
 f - 5 potions of attraction {unknown}
 g - 2 potions of enlightenment {unknown}
 k - a potion of haste {unknown}
 p - 4 potions of degeneration {unknown}
 q - a potion of resistance {unknown}
 F - 3 potions of lignification {unknown}
 L - 3 potions of curing {unknown}
 M - a potion of ambrosia {unknown}
 P - a potion of heal wounds {unknown}
Miscellaneous
 K - a phantom mirror


   Skills:
 + Level 4.1 Fighting
 - Level 4.0 Armour
 - Level 3.0 Dodging
 - Level 3.0 Stealth
 - Level 4.0 Shields
 * Level 16.0 Spellcasting
 + Level 9.5 Conjurations
 - Level 1.1 Summonings
 - Level 1.1 Translocations
 + Level 8.2 Ice Magic
 - Level 1.0 Air Magic
 - Level 1.1 Alchemy
 - Level 1.1 Evocations


You had 31 spell levels left.
You knew the following spells:

 Your Spells              Type           Power      Damage    Failure   Level
a - Magic Dart            Conj           100%       1d8       1%          1
b - Mephitic Cloud        Conj/Alch/Air  38%        N/A       1%          3
c - Call Imp              Summ           48%        N/A       2%          2
d - Blink                 Tloc           48%        N/A       2%          2
e - Summon Ice Beast      Ice/Summ       41%        N/A       1%          3

Your spell library contained the following spells:

 Spells                   Type           Power      Damage    Failure   Level
 Inner Flame              Hex/Fire       19%        N/A       2%          3
 Slow                     Hex            76%        N/A       2%          1
 Cigotuvi's Dreadful Rot  Necr/Alch/Air  44%        N/A       3%          2
 Jinxbite                 Hex            38%        N/A       4%          2
 Yara's Violent Unravell  Hex/Alch       11%        3d6       16%         5
 Summon Mana Viper        Hex/Summ       21%        N/A       54%         5
 Enfeeble                 Hex            9%         N/A       100%        7
 Monstrous Menagerie      Summ           12%        N/A       100%        7


Dungeon Overview and Level Annotations

Branches:
Dungeon (12/15)            Temple (0/1) D:5            Lair (0/5) D:11
    Orc (0/2) D:11          Sewer (visited)

Altars:
Cheibriados
Dithmenos
Fedhas
Gozag
Makhleb
Nemelex Xobeh
Sif Muna
Uskayaw
Vehumet
Xom
Zin

Shops:
D:5 **

Annotations:
D:6 Books behind rock
D:11 Monsters behind rock, Vampire


Message History

The gargoyle is lightly damaged.
Your ice beast hits the gargoyle but does no damage.
Unknown command.
Casting: Magic Dart (safe; 1% risk of failure)
Confirm with . or Enter, or press ? or * to list all spells.
Aiming: Magic Dart (safe; 1% risk of failure)
Press: ? - help, Shift-Dir - straight line, f/p - gargoyle
Aim: a gargoyle, wielding a +0 mace (lightly damaged, ally target, 100% to hit)
The magic dart hits the gargoyle but does no damage.
The gargoyle is lightly damaged.
The gargoyle hurls a stone arrow at you.
The stone arrow hits you!!
Your ice beast barely misses the gargoyle.
Casting: Magic Dart (safe; 1% risk of failure)
Confirm with . or Enter, or press ? or * to list all spells.
Aiming: Magic Dart (safe; 1% risk of failure)
Press: ? - help, Shift-Dir - straight line, f/p - gargoyle
Aim: a gargoyle, wielding a +0 mace (lightly damaged, ally target, 100% to hit)
The magic dart hits the gargoyle.
The gargoyle is lightly damaged.
Your ice beast hits the gargoyle but does no damage.
Unknown command.
Casting: Magic Dart (safe; 1% risk of failure)
Confirm with . or Enter, or press ? or * to list all spells.
Aiming: Magic Dart (safe; 1% risk of failure)
Press: ? - help, Shift-Dir - straight line, f/p - gargoyle
Aim: a gargoyle, wielding a +0 mace (lightly damaged, ally target, 100% to hit)
The magic dart hits the gargoyle.
The gargoyle is moderately damaged.
The gargoyle hurls a stone arrow at you.
The stone arrow hits you!!
* * * LOW HITPOINT WARNING * * *
Your ice beast hits the gargoyle but does no damage.
Casting: Magic Dart (safe; 1% risk of failure)
Confirm with . or Enter, or press ? or * to list all spells.
You blink.
Unknown command.
The gargoyle hurls a stone arrow at you.
The stone arrow hits you!!
You die...

####.....#.##.##....###....
#.....#............#....
#>....#............#....
#.....#............#....
#.....#............#....
#.....#............#....
#.....#..÷.........#....
#.....÷............#....
##########.....#@##.##...##.#....
#.....#..##.......#'##...#####'#.
#.....#...'.......#.......#..<.'.
'.....#...#.......#.......#....#.
#.....#...#.....9.#.......'....#.
#.....#...#.....Y.#####'########.
...#'#######.....................
...#.......#..............[......
...#.......#.....................


You could see a gargoyle (ally target) and a friendly ice beast (summoned).

Vanquished Creatures
  Harold (D:9)
  A two-headed ogre (D:10)
  2 cyclopes
  2 gargoyles (D:10)
  A komodo dragon (D:10)
  2 trolls
  2 slime creatures
  2 shadows
  2 wraiths (D:11)
  11 yaks
  A water moccasin (D:6)
  A sky beast (D:6)
  A black bear (D:4)
  An orc warrior (D:9)
  A boggart (D:10)
  4 centaurs
  2 phantoms (D:5)
  6 kobold brigands
  2 brain worms (Sewer)
  4 bullfrogs
  2 scorpions
  4 wights (D:8)
  A water moccasin skeleton (D:5)
  4 howler monkeys
  A bullfrog zombie (D:5)
  5 hounds
  A bullfrog skeleton (D:5)
  7 orc priests
  2 iguanas
  9 orc wizards
  A hound zombie (D:5)
  A howler monkey zombie (D:5)
  5 gnolls
  11 adders
  3 river rats
  A shadow imp (D:5)
  4 white imps
  2 ufetubi (D:7)
  3 dart slugs
  2 ribbon worms
  30 orcs
  8 endoplasms
  9 giant cockroaches
  6 goblins
  4 hobgoblins
  2 jackals (Sewer)
  14 kobolds
  3 quokkas
  9 ball pythons
  2 bats (D:3)
  6 frilled lizards
  9 rats
220 creatures vanquished.

Vanquished Creatures (collateral kills)
  2 centaur warriors
  A slime creature (D:11)
  A komodo dragon (D:11)
  3 trolls
  A wyvern (D:7)
  8 yaks
  A steam dragon (D:10)
  2 vampire mosquitoes (D:11)
  A water moccasin (D:8)
  A hornet zombie (D:5)
  A boggart (D:10)
  A gnoll sergeant (D:9)
  A wight (D:8)
  2 howler monkeys (D:12)
  An orc priest (D:6)
  A sleepcap (D:6)
  2 orc wizards
  2 gnolls (D:9)
  2 orcs
  3 kobolds (D:6)
37 creatures vanquished.

Vanquished Creatures (others)
  An orc wizard (D:10)
  An orc (D:10)
2 creatures vanquished.

Grand Total: 259 creatures vanquished

Notes
Turn   | Place    | Note
-------+----------+-------------------------------------------
     0 | D:1      | pokeman the Deep Elf Hedge Wizard began the quest for the
                  | Orb.
     0 | D:1      | Reached XP level 1. HP: 10/10 MP: 7/7
   308 | D:1      | Reached XP level 2. HP: 15/15 MP: 2/9
   881 | D:2      | Reached skill level 5 in Spellcasting
  1024 | D:2      | Found a faded altar of an unknown god.
  1067 | D:2      | Reached XP level 3. HP: 20/20 MP: 6/11
  1071 | D:2      | Learned a level 3 spell: Mephitic Cloud
  1074 | D:2      | Learned a level 2 spell: Call Imp
  1077 | D:2      | Learned a level 2 spell: Blink
  1731 | D:3      | Reached skill level 1 in Fighting
  1731 | D:3      | Reached skill level 1 in Armour
  1731 | D:3      | Reached XP level 4. HP: 4/25 MP: 7/13
  2656 | D:3      | Reached skill level 6 in Spellcasting
  2685 | D:3      | Found a sparkling altar of Nemelex Xobeh.
  2741 | D:3      | Reached XP level 5. HP: 11/29 MP: 15/15
  3300 | D:4      | Found a glowing drain.
  3348 | Sewer    | Entered a sewer
  3530 | Sewer    | Reached XP level 6. HP: 14/35 MP: 17/17
  3702 | Sewer    | Reached skill level 7 in Spellcasting
  3996 | Sewer    | Reached XP level 7. HP: 12/40 MP: 17/20
  4145 | Sewer    | Reached skill level 1 in Air Magic
  4145 | Sewer    | Reached skill level 1 in Alchemy
  4150 | Sewer    | Reached skill level 8 in Spellcasting
  4978 | D:4      | Found a hide-covered altar of Uskayaw.
  5300 | D:4      | Identified the +9 dagger of Yeast {flame, rPois Will+++
                  | Dex-4}
  5310 | D:4      | Learned a level 3 spell: Summon Ice Beast
  5318 | D:4      | Reached skill level 9 in Spellcasting
  5669 | D:4      | Reached XP level 8. HP: 28/45 MP: 23/23
  5791 | D:5      | Entered Level 5 of the Dungeon
  5838 | D:5      | Reached skill level 1 in Ice Magic
  6183 | D:5      | Reached skill level 5 in Conjurations
  6464 | D:5      | Found Lixto's General Store.
  6466 | D:5      | Found Haex's Specific Store.
  6474 | D:5      | Bought a scroll of identify for 30 gold pieces
  6545 | D:5      | Found a radiant altar of Vehumet.
  6557 | D:5      | Became a worshipper of Vehumet
  6602 | D:5      | Reached skill level 10 in Spellcasting
  6643 | D:5      | Found a staircase to the Ecumenical Temple.
  7182 | D:5      | Found a shimmering altar of Xom.
  7241 | D:6      | Reached skill level 1 in Evocations
  7364 | D:6      | Found a glowing silver altar of Zin.
  7401 | D:6      | Reached XP level 9. HP: 25/51 MP: 23/25
  7412 | D:6      | Reached * piety under Vehumet
  7412 | D:6      | Offered knowledge of Shock by Vehumet.
  7569 | D:6      | Reached skill level 11 in Spellcasting
  7622 | D:6      | Found an opulent altar of Gozag.
  7723 | D:6      | Found a shimmering blue altar of Sif Muna.
  7847 | D:6      | Found a shadowy altar of Dithmenos.
  8848 | D:8      | You fall into a shaft and drop 1 floor!
  8868 | D:9      | Noticed a troll
  8875 | D:9      | Killed a troll
  9175 | D:9      | Offered knowledge of Kiss of Death by Vehumet.
  9176 | D:9      | Reached skill level 12 in Spellcasting
  9177 | D:9      | Reached ** piety under Vehumet
  9641 | D:8      | Reached skill level 5 in Ice Magic
 10200 | D:9      | Reached XP level 10. HP: 53/56 MP: 28/28
 10215 | D:9      | Reached skill level 13 in Spellcasting
 10398 | D:9      | Noticed Harold
 10645 | D:9      | Killed Harold
 10956 | D:10     | Entered Level 10 of the Dungeon
 11000 | D:10     | Noticed a gargoyle
 11013 | D:10     | Killed a gargoyle
 11110 | D:10     | Found a blossoming altar of Fedhas.
 11220 | D:10     | Noticed a gargoyle
 11225 | D:10     | Offered knowledge of Inner Flame by Vehumet.
 11227 | D:10     | Reached skill level 1 in Shields
 11242 | D:10     | Killed a gargoyle
 11362 | D:10     | Reached skill level 14 in Spellcasting
 11372 | D:10     | Noticed a two-headed ogre
 11386 | D:10     | Killed a two-headed ogre
 11464 | D:10     | Found a snail-covered altar of Cheibriados.
 11678 | D:10     | Found a burning altar of Makhleb.
 12027 | D:11     | Noticed a cyclops
 12028 | D:11     | Noticed a two-headed ogre
 12256 | D:11     | Reached XP level 11. HP: 60/61 MP: 31/31
 12308 | D:11     | Found a staircase to the Lair.
 13217 | D:11     | Found a staircase to the Orcish Mines.
 13217 | D:11     | Noticed a centaur warrior
 13231 | D:11     | Killed a centaur warrior
 13232 | D:11     | Reached skill level 15 in Spellcasting
 13869 | D:12     | Noticed a centaur warrior
 13880 | D:12     | Killed a centaur warrior
 14452 | D:11     | Reached *** piety under Vehumet
 15007 | D:12     | Noticed a boulder beetle
 15395 | D:12     | Reached skill level 16 in Spellcasting
 15420 | D:12     | Noticed a boulder beetle
 15425 | D:12     | Noticed a purple ugly thing
 15799 | D:12     | HP: 1/61 [gargoyle/stone arrow (25)]
 15804 | D:12     | Killed from afar by a gargoyle

Illustrated notes

Levels and vault maps discovered:
D:1:      amcnicky_arrival_single_pillar, layout_rooms
D:2:      layout_basic, shapermc_ecumenical_altar_pompeii
D:3:      layout_basic, nicolae_overflow_hidden_temple
D:4:      layout_basic, kennysheep_little_box, portal_sewer_entry_a,
          grunt_ministairs_8
D:5:      layout_loops_corners, nicolae_vehumet_radiance,
          lemuel_coloured_pillars_altar, minmay_temple_entry_large_hall,
          serial_undead, serial_undead_f, serial_undead_e, serial_undead_e,
          serial_undead_e, nicolae_specific_store, st_stairs_13
D:6:      layout_basic, nicolae_sif_muna_little_library,
          mainiacjoe_overflow_tiny_flanked, grunt_gozag_statues, kennysheep_mini
D:7:      layout_basic, enter_bailey_5, minmay_misc_feat_plants, uniq_duvessa
D:8:      layout_loops_ring, nicolae_the_louvre
D:9:      layout_long_grid, uniq_harold
D:10:     layout_loops_corners, mainiacjoe_overflow_catwalk,
          mainiacjoe_overflow_chevrons, kennysheep_slug_shrine,
          nicolae_phantomly_mirrored
D:11:     layout_roguey, david_lair_shrubbed, orc_0_dummy,
          lightli_corner_chamber
D:12:     layout_gridville

Skill      XL: |  1  2  3  4  5  6  7  8  9 10 11 |
---------------+----------------------------------+-----
Spellcasting   | 5 6 7 9 10 12 14 16 | 16.0
Fighting       | 1 2 3 4 |  4.1
Armour         | 1 2 4 |  4.0
Conjurations   | 2 3 4 5 7 8 9 |  9.5
Dodging        | 3 |  3.0
Stealth        | 3 |  3.0
Air Magic      | 1 |  1.0
Alchemy        | 1 |  1.1
Ice Magic      | 3 5 6 8 |  8.2
Evocations     | 1 |  1.1
Shields        | 2 4 |  4.0
Summonings     | |  1.1
Translocations | |  1.1

Action                     |  1- 3 |  4- 6 |  7- 9 | 10-12 || total
---------------------------+-------+-------+-------+-------++-------
  Melee: Long sword        |     5 |    51 |    26 |       ||    82
         Dagger            |       |       |   104 |   153 ||   257
   Cast: Magic Dart        |    87 |   118 |   252 |    53 ||   510
         Mephitic Cloud    |     1 |     8 |    20 |    39 ||    68
         Summon Ice Beast  |       |       |    15 |    46 ||    61
         Call Imp          |       |       |     3 |     1 ||     4
         Blink             |       |       |     1 |    13 ||    14
  Evoke: Wand              |       |       |       |     9 ||     9
   Stab: Confused          |     3 |     4 |     8 |    13 ||    28
         Sleeping          |       |       |     1 |       ||     1
 Armour: Robe              |    11 |    26 |    98 |   129 ||   264
  Dodge: Dodged            |    13 |    34 |   113 |   109 ||   269
  Block: Other             |       |       |       |     1 ||     1

Table legend: (Time is in decaauts)
 A = Elapsed time spent in this place.
 B = Non-inter-level travel time spent in this place.
 C = Inter-level travel time spent in this place.
 D = Time resting spent in this place.
 E = Time spent auto-exploring this place.
 F = Levels seen in this place.
 G = Mean time per level.
                   A        B        C        D        E       F      G
               +--------+--------+--------+--------+--------+-----+--------+
         Total |  16029 |  15109 |    920 |   1029 |  11036 |  13 | 1233.0 |
       Dungeon |  14594 |  13674 |    920 |   1025 |   9867 |  12 | 1216.2 |
         Sewer |   1435 |   1435 |      0 |      4 |   1169 |   1 | 1435.0 |
               +--------+--------+--------+--------+--------+-----+--------+

Top non-repeatable levels by time:
    D:11: 2464 daAuts
     D:5: 1444 daAuts
   Sewer: 1435 daAuts
     D:4: 1348 daAuts
     D:3: 1311 daAuts
    D:12: 1269 daAuts
    D:10: 1144 daAuts
     D:9: 1086 daAuts
     D:8: 1072 daAuts
     D:2: 1017 daAuts
     D:1: 874 daAuts
     D:7: 803 daAuts
     D:6: 757 daAuts
